Map: Selva profunda EE

Players

battlemaster

  • Race: Protoss Protoss
  • Spawn Location: 7:00

urnemesis

  • Race: Terran Terran
  • Spawn Location: 7:00

satyamDaBest

  • Race: Terran Terran
  • League: Silver
  • Spawn Location: 7:00

MrFercho

  • Race: Zerg Zerg
  • League: Silver
  • Spawn Location: 3:00

tigro

  • Race: Terran Terran
  • League: Bronze
  • Spawn Location: 1:00

TATORREA

  • Race: Protoss Protoss
  • League: Silver
  • Spawn Location: 1:00

VOD

Have the link to the VOD?

Description

Time

  • Played on: May 20, 2020, 7:37 p.m.
  • Length: 29:31
Show
View Real Time Build Order
Export as new Build Order

battlemaster Protoss 

Build Orders: Carriers 

Get SALT Encoding   

  12  0:07  Probe (Chrono Boost)  
  13  0:17  Probe (Chrono Boost)  
  13  0:19  Assimilator  
  14  0:31  Probe  
  15  0:41  Pylon  
  15  0:59  Probe  
  15  1:03  Forge  
  16  1:11  Probe  
  16  1:58  Probe  
  17  2:08  Photon Cannon  
  17  2:10  Assimilator  
  17  2:11  Probe  
  18  2:17  Gateway  
  18  2:39  Nexus  
  18  2:40  Probe (Chrono Boost)  
  19  2:48  Probe (Chrono Boost)  
  19  2:49  Pylon  
  20  2:54  Probe  
  21  3:02  Pylon  
  21  3:17  Cybernetics Core  
  21  3:36  Zealot  
  23  3:44  Photon Cannon  
  23  4:03  Stalker  
  25  4:10  Stargate  
  25  4:17  Probe x2  
  27  4:27  Photon Cannon  
  27  4:29  Photon Cannon, Probe x2  
  28  4:39  Stalker  
  30  4:52  Photon Cannon  
  27  5:08  Stalker  
  27  5:11  Probe (Chrono Boost)  
  30  5:17  Void Ray (Chrono Boost)  
  34  5:26  Pylon  
  34  5:29  Pylon  
  34  5:41  Probe  
  34  5:44  Zealot  
  34  5:46  Fleet Beacon  
  34  5:49  Probe  
  37  5:58  Probe  
  38  7:03  Carrier  
  40  8:07  Phoenix  
  40  8:08  Stargate  
  42  8:33  Carrier (Chrono Boost)  
  45  10:03  Carrier (Chrono Boost)  
  43  10:28  Carrier (Chrono Boost)  
  35  10:52  Stargate  
  35  10:58  Void Ray (Chrono Boost)  
  39  11:25  Void Ray  
  43  12:00  Void Ray  
  47  12:23  Nexus  
  47  12:27  Pylon  
  47  12:30  Pylon  
  47  12:38  Carrier  
  47  12:43  Protoss Air Weapons Level 1, Void Ray  
  57  13:02  Robotics Facility  
  57  13:05  Assimilator  
  57  13:15  Photon Cannon  
  57  13:19  Probe (Chrono Boost)  
  58  13:20  Photon Cannon  
  58  13:23  Assimilator  
  58  13:30  Probe (Chrono Boost)  
  59  13:35  Void Ray, Probe (Chrono Boost)  
  59  13:36  Void Ray  
  68  13:46  Probe  
  69  13:53  Void Ray  
  73  14:00  Probe (Chrono Boost)  
  73  14:02  Probe (Chrono Boost)  
  75  14:15  Probe (Chrono Boost)  
  76  14:20  Phoenix  
  78  14:39  Pylon  
  78  14:57  Carrier  
  84  15:03  Observer  
  84  15:45  Nexus  
  84  15:49  Assimilator  
  84  15:50  Assimilator  
  84  15:52  Probe x2  
  86  16:30  Pylon  
  86  16:32  Pylon  
  86  16:48  Protoss Air Armor Level 1, Carrier, Probe x2  
  94  17:00  Probe x2  
  96  17:12  Probe  
  96  17:14  Probe  
  96  17:15  Probe  
  99  17:18  Tempest  
  104  17:24  Probe  
  91  18:10  Carrier (Chrono Boost)  
  91  18:11  Carrier x2 (Chrono Boost)  
  91  18:25  Probe (Chrono Boost)  
  91  18:26  Probe (Chrono Boost)  
  112  18:30  Probe (Chrono Boost)  
  112  18:57  Probe x3  
  112  19:00  Nexus  
  115  19:03  Assimilator  
  115  19:08  Assimilator  
  115  19:09  Probe x2  
  117  19:43  Pylon  
  117  19:45  Pylon  
  117  19:47  Pylon  
  117  19:48  Pylon  
  117  20:01  Void Ray x2  
  117  20:02  Void Ray  
  117  20:03  Observer  
  130  20:07  Protoss Air Weapons Level 2 (Chrono Boost)  
  130  20:25  Probe (Chrono Boost)  
  134  20:31  Probe x3 (Chrono Boost)  
  134  20:34  Carrier  
  135  20:35  Probe (Chrono Boost)  
  135  20:39  Probe (Chrono Boost)  
  135  20:40  Pylon  
  136  20:43  Pylon  
  142  20:53  Stargate  
  142  20:57  Carrier (Chrono Boost)  
  142  20:58  Void Ray  
  142  21:00  Stargate  
  152  21:35  Carrier x2 (Chrono Boost)  
  164  21:53  Carrier (Chrono Boost)  
  170  21:56  Pylon  
  170  21:59  Pylon  
  170  22:00  Photon Cannon  
  170  22:10  Probe  
  170  22:11  Probe  
  170  22:12  Probe  
  173  22:16  Probe  
  174  22:36  Carrier (Chrono Boost)  
  186  22:37  Carrier (Chrono Boost)  
  186  22:52  Pylon  
  186  22:55  Pylon  
  186  23:13  Cybernetics Core  
  186  23:21  Protoss Air Weapons Level 3, Carrier (Chrono Boost)  
  186  23:23  Void Ray (Chrono Boost)  
  190  24:50  Void Ray, Carrier  
  200  25:05  Protoss Air Armor Level 2  
Show
View Real Time Build Order
Export as new Build Order

urnemesis Terran 

Build Orders: Mech 

Get SALT Encoding   

  12  0:14  Supply Depot, SCV  
  14  0:32  SCV  
  14  0:38  Barracks  
  14  0:50  Refinery  
  14  1:25  Marine  
  15  1:33  Bunker  
  15  1:43  Marine  
  16  2:00  Marine  
  17  2:18  Marine  
  17  2:21  Bunker  
  18  2:23  Orbital Command  
  18  2:36  Supply Depot  
  18  2:43  Marine  
  19  2:52  SCV  
  19  2:53  Refinery  
  20  2:59  Supply Depot  
  20  3:01  Marine  
  20  3:04  SCV  
  22  3:19  Marine  
  23  3:20  SCV  
  24  3:32  SCV  
  25  3:36  Factory  
  25  3:37  Marine  
  26  4:10  SCV  
  26  4:14  Bunker  
  27  4:20  Marine  
  27  4:23  SCV  
  29  4:30  Factory Reactor  
  29  4:35  Factory Tech Lab, SCV  
  29  4:38  Marine  
  31  4:47  SCV  
  32  4:55  Siege Tank  
  32  4:56  Marine  
  32  4:59  SCV  
  37  5:09  Factory  
  37  5:14  Marine  
  37  5:15  Supply Depot  
  38  5:36  Siege Tank  
  38  5:38  Supply Depot  
  41  5:55  Factory Tech Lab  
  41  6:05  Factory  
  41  6:35  Siege Tank x2  
  47  6:51  Armory  
  47  6:53  Factory Tech Lab  
  47  7:24  Siege Tank x2  
  53  7:41  Supply Depot  
  53  8:00  Siege Tank  
  53  8:03  Supply Depot  
  49  8:49  Command Center  
  49  8:53  Thor x2  
  61  9:05  Supply Depot  
  61  9:13  Marine  
  62  9:26  Thor  
  62  9:30  Supply Depot  
  68  9:31  Marine  
  69  9:49  Marine  
  69  9:52  Thor  
  76  9:54  Supply Depot  
  73  10:04  Refinery  
  70  10:07  Marine  
  71  10:27  Refinery  
  59  10:28  Thor  
  51  10:45  Thor  
  54  11:00  Bunker  
  54  11:04  Thor  
  60  11:34  Bunker  
  60  11:52  Thor  
  66  11:58  Marine  
  67  12:10  SCV x2  
  69  12:20  Marine  
  69  12:22  SCV  
  71  12:38  Marine  
  72  12:47  SCV  
  74  12:52  Orbital Command  
  74  12:56  Marine  
  74  12:59  Terran Vehicle Weapons Level 1  
  74  13:11  Thor x2  
  86  13:13  Marine  
  87  13:24  Bunker  
  87  13:46  SCV x2  
  89  13:55  Marine  
  90  13:58  SCV x2  
  90  14:01  Thor  
  98  14:10  SCV x2  
  98  14:13  Marine  
  101  14:30  Marine  
  102  15:39  Supply Depot  
  102  15:52  Supply Depot  
  102  15:53  Terran Vehicle And Ship Armor Level 1  
  102  16:00  Thor, Marine  
  109  16:14  Thor  
  109  16:17  Supply Depot  
  115  16:38  Bunker, Thor, Command Center  
  121  16:43  Supply Depot  
  121  16:45  Barracks Reactor  
  121  17:07  Supply Depot  
  121  17:09  Bunker  
  121  17:18  Thor  
  127  17:24  Marine  
  127  17:25  Marine  
  129  17:31  Supply Depot  
  129  17:41  Bunker  
  129  17:42  Marine  
  129  17:43  Marine  
  131  17:47  Terran Ship Weapons Level 1  
  131  17:52  Refinery  
  131  18:00  Marine x2  
  133  18:12  Bunker  
  133  18:17  Refinery  
  133  18:18  Marine x2  
  135  18:30  Thor x2  
  147  18:36  Marine x2  
  149  18:45  Bunker  
  149  18:51  Supply Depot  
  149  19:01  Thor  
  155  19:07  Marine x2  
  157  19:15  Supply Depot  
  157  19:18  Orbital Command  
  157  19:38  Supply Depot  
  157  19:41  Terran Vehicle Weapons Level 2  
  157  19:43  Marine x2  
  159  19:46  Thor x3  
  177  20:31  Thor x2  
  189  21:22  Supply Depot  
  189  21:26  Command Center  
  189  21:43  Thor  
  189  21:46  Supply Depot  
  195  21:57  Terran Vehicle And Ship Armor Level 2  
  195  22:09  Supply Depot  
  195  22:10  Engineering Bay  
  195  22:40  Refinery  
  195  22:47  Missile Turret  
  195  23:06  Missile Turret, Refinery  
  195  23:25  Missile Turret  
  189  23:45  Missile Turret  
  189  23:52  Thor  
  195  24:05  Missile Turret  
  195  24:12  Terran Ship Weapons Level 2  
  195  24:36  Missile Turret  
  195  24:57  Missile Turret  
  195  25:20  Missile Turret  
  195  25:41  Missile Turret  
  189  26:11  Thor x3  
  172  28:24  Thor x3  
  196  29:23  Command Center  
Show
View Real Time Build Order
Export as new Build Order

satyamDaBest Terran 

Build Orders:  

Get SALT Encoding   

  12  0:02  SCV  
  13  0:16  Supply Depot  
  13  0:18  SCV  
  14  0:30  SCV  
  15  0:43  Barracks, SCV  
  16  0:50  Refinery  
  16  0:56  SCV, Refinery  
  17  1:08  SCV  
  18  1:20  SCV  
  19  1:30  Barracks  
  19  1:35  Marine  
  20  1:53  Marine  
  21  2:11  Marine  
  22  2:19  Marine  
  23  2:44  Supply Depot  
  23  2:48  Orbital Command  
  23  3:00  Factory  
  23  3:05  Marine x2  
  25  3:23  Marine x2  
  25  3:25  Supply Depot  
  26  3:41  Marine  
  27  3:43  Marine  
  28  3:58  Marine  
  28  4:01  Marine  
  30  4:16  Marine  
  31  4:19  Marine  
  29  4:38  Marine x2  
  28  4:56  Marine x2  
  30  5:04  SCV  
  31  5:07  Bunker  
  31  5:12  Bunker  
  31  5:14  Marine x2  
  31  5:16  SCV  
  34  5:32  Marine x2  
  36  5:47  Hellion  
  36  5:49  Marine  
  39  6:04  Supply Depot x2  
  39  6:08  Supply Depot  
  39  6:17  Starport  
  39  6:25  Hellion, Marine x2  
  43  6:43  Marine x2  
  47  6:47  Hellion  
  47  7:01  Medivac, Marine x2  
  51  7:07  SCV  
  52  7:09  Engineering Bay  
  52  7:18  Marine x2  
  52  7:19  SCV  
  55  7:31  SCV  
  55  7:36  Marine x2  
  55  7:48  Medivac  
  57  7:54  Marine x2  
  59  8:32  Marine x2  
  61  8:39  Medivac  
  61  8:50  Marine x2  
  62  9:07  Marine  
  63  9:25  Marine  
  63  9:36  Terran Infantry Armor Level 1  
  63  9:59  Marine  
  63  10:10  Medivac  
  63  10:33  Marine x2  
  53  10:50  Marine  
  53  10:51  Marine  
  55  10:57  Medivac  
  57  11:08  Marine  
  57  11:09  Marine  
  46  11:26  Marine  
  46  11:27  Medivac, Marine  
  44  11:44  Marine  
  44  11:45  Marine  
  45  11:57  Medivac  
  47  12:02  Marine  
  47  12:03  Marine  
  49  12:21  Barracks Reactor  
  50  12:24  Barracks Reactor  
  50  12:27  Medivac  
  51  12:46  SCV  
  52  13:15  Marine x4  
  56  13:22  Medivac  
  58  13:33  Marine x4  
  58  13:50  Marine  
  58  13:51  Marine x3  
  51  14:08  Marine x2  
  51  14:09  Marine  
  54  14:10  Medivac  
  56  14:17  Marine  
  57  14:26  Marine x3  
  60  14:40  Medivac, Terran Infantry Weapons Level 1  
  62  14:49  Command Center, Marine  
  63  14:53  Refinery  
  63  14:56  Refinery  
  63  15:00  Supply Depot  
  63  15:02  Supply Depot  
  63  15:14  Starport  
  63  15:20  Starport  
  63  15:21  Marine x3  
  63  15:24  Supply Depot  
  66  15:33  Fusion Core  
  66  15:34  SCV  
  67  15:46  SCV  
  68  15:52  Starport  
  68  15:58  SCV  
  68  16:01  SCV  
  70  16:10  SCV  
  71  16:13  SCV  
  72  16:19  Starport Tech Lab  
  72  16:20  Starport Tech Lab  
  72  16:40  Marine x4  
  72  16:47  Battlecruiser x2  
  82  16:48  Starport Tech Lab  
  88  17:14  Armory  
  88  17:20  Marine x2  
  88  17:21  Marine x2  
  92  17:33  Supply Depot  
  92  17:36  Supply Depot  
  92  17:38  Marine  
  92  17:40  Supply Depot  
  88  18:46  Battlecruiser x2  
  100  18:52  Supply Depot  
  100  18:54  Supply Depot  
  100  18:59  Supply Depot  
  100  19:00  Supply Depot  
  100  19:26  Battlecruiser  
  106  19:36  Marine x4  
  110  19:44  Medivac  
  112  19:50  Medivac  
  114  19:54  Marine  
  79  20:42  Starport Reactor  
  79  20:59  Battlecruiser x3  
  97  21:05  Terran Vehicle And Ship Armor Level 1  
  97  21:14  Command Center, Refinery  
  97  21:17  Armory  
  96  21:18  Refinery  
  96  21:21  Viking  
  98  21:59  SCV  
  99  22:04  Battlecruiser x2  
  111  22:11  SCV  
  112  22:23  Terran Ship Weapons Level 1  
  112  22:28  Viking x2  
  116  22:40  SCV x2  
  118  22:52  SCV x2  
  120  23:07  Battlecruiser  
  120  23:08  Viking  
  128  23:21  SCV  
  128  23:22  SCV  
  130  23:34  SCV x2  
  97  23:48  Viking  
  98  24:08  Viking x3  
  104  24:11  Viking  
  84  24:56  Viking  
  84  24:57  Viking  
  88  25:30  Viking x3  
  94  25:43  Battlecruiser  
  94  25:44  Battlecruiser  
  106  26:01  Battlecruiser  
  112  27:25  Battlecruiser  
  118  27:38  Battlecruiser  
Show
View Real Time Build Order
Export as new Build Order

MrFercho Zerg 

Build Orders: Pool First 

Get SALT Encoding   

  12  0:03  Drone  
  13  0:15  Overlord  
  13  0:19  Drone  
  14  0:24  Extractor  
  14  0:26  Drone  
  14  0:27  Extractor  
  13  0:30  Drone  
  14  0:45  Drone  
  14  0:49  Drone  
  16  0:59  Drone  
  16  1:00  Spawning Pool  
  16  1:12  Overlord  
  16  1:20  Drone  
  17  1:49  Zergling x4  
  17  1:51  Metabolic Boost  
  19  2:28  Zergling x6  
  22  2:31  Queen  
  24  2:58  Drone  
  24  2:59  Drone  
  26  3:09  Roach Warren  
  20  4:08  Roach  
  20  4:09  Zergling x4, Roach  
  27  4:10  Zergling x4  
  27  4:15  Lair  
  28  4:20  Drone  
  28  5:13  Drone x2  
  30  5:15  Overlord  
  30  5:16  Overlord  
  30  5:24  Spire  
  29  5:43  Ravager x2  
  29  5:44  Hatchery  
  30  6:13  Drone x6  
  33  7:04  Overseer  
  33  7:09  Drone x2  
  35  7:16  Extractor  
  35  7:17  Extractor  
  35  7:21  Mutalisk  
  35  7:22  Mutalisk x5  
  42  7:30  Hatchery  
  42  7:36  Overlord  
  41  7:39  Queen  
  41  7:42  Overlord  
  31  9:09  Drone x3  
  34  9:17  Zerg Flyer Armor Level 1  
  34  9:26  Corruptor x8  
  50  10:09  Infestation Pit  
  45  10:57  Hive  
  43  12:21  Drone x2  
  43  12:22  Drone x3  
  48  12:35  Drone x3  
  48  12:36  Drone  
  52  12:39  Corruptor x4  
  60  12:44  Greater Spire  
  60  13:42  Drone  
  60  13:43  Overlord, Drone x4  
  59  14:07  Spire  
  59  14:09  Corruptor x2  
  60  14:10  Corruptor x6  
  60  14:16  Overlord x2  
  74  14:17  Overlord  
  74  14:23  Zerg Flyer Weapons Level 1  
  74  14:34  Overlord  
  74  14:43  Drone x5  
  77  15:02  Burrow  
  77  15:11  Brood Lord x5  
  87  15:34  Corruptor x4  
  87  15:35  Corruptor  
  97  15:59  Hatchery  
  96  16:36  Extractor, Hatchery  
  94  16:40  Extractor  
  94  16:42  Overlord x3  
  94  16:46  Drone  
  94  16:47  Drone x3  
  97  17:21  Corruptor x6  
  60  18:51  Corruptor  
  60  18:52  Corruptor x12  
  86  19:24  Corruptor  
  86  19:25  Corruptor x5  
  98  19:46  Zerg Flyer Weapons Level 2, Zerg Flyer Armor Level 2  
  98  20:23  Corruptor x7  
  112  20:45  Drone x3  
  115  21:16  Hatchery  
  114  21:20  Extractor  
  113  21:54  Baneling Nest  
  112  22:03  Spore Crawler  
  112  22:05  Spore Crawler  
  110  22:14  Overlord  
  110  22:15  Overlord x3  
  110  22:18  Extractor  
  110  22:20  Pneumatized Carapace  
  110  22:22  Overseer  
  109  23:18  Corruptor  
  109  23:19  Corruptor x10  
  75  24:37  Brood Lord  
  75  24:38  Brood Lord x2  
  73  24:47  Drone x3  
  76  24:54  Zergling x2  
  76  24:55  Zergling x30  
  92  25:17  Drone x2  
  94  25:22  Zergling x2  
  94  25:23  Zergling x20  
  98  26:10  Brood Lord  
  98  26:11  Brood Lord x4  
  49  27:15  Zergling x2  
  49  27:16  Zergling x20  
  19  27:59  Roach x9  
Show
View Real Time Build Order
Export as new Build Order

tigro Terran 

Build Orders:  

Get SALT Encoding   

  12  0:03  SCV  
  13  0:15  SCV  
  13  0:21  Supply Depot  
  14  0:28  SCV  
  15  0:32  Refinery  
  15  0:55  Barracks  
  15  1:00  SCV  
  16  1:11  Refinery  
  16  1:13  SCV  
  17  1:19  Supply Depot  
  17  1:25  SCV  
  18  1:37  SCV  
  19  1:45  Marine  
  20  2:03  Marine  
  21  2:12  Barracks  
  21  2:21  Marine  
  22  2:39  Marine  
  24  2:44  SCV  
  24  2:56  SCV  
  24  2:57  Marine  
  26  3:03  Engineering Bay  
  26  3:08  SCV  
  27  3:20  SCV  
  27  3:23  Barracks Tech Lab  
  27  3:25  Barracks Tech Lab  
  28  3:42  Factory  
  28  3:44  Orbital Command  
  28  4:05  Marauder  
  28  4:09  Command Center  
  30  4:10  Combat Shield  
  30  4:19  Stimpack  
  30  4:26  Marauder  
  30  4:29  Factory Tech Lab  
  32  4:39  Armory  
  32  4:41  Marine  
  33  4:48  Marauder  
  35  4:59  Marine  
  36  5:00  Siege Tank  
  39  5:20  Marauder, Marine  
  42  5:22  Refinery  
  42  5:33  Starport  
  42  5:50  SCV  
  43  6:02  SCV  
  44  6:11  Medivac, Starport  
  44  6:14  SCV  
  44  6:17  Terran Infantry Weapons Level 1  
  47  6:26  SCV  
  47  6:28  Refinery  
  48  6:38  SCV  
  48  6:41  Medivac  
  35  6:53  Starport Tech Lab  
  32  6:57  Siege Tank  
  32  6:59  Marine  
  36  7:02  Marine  
  37  7:17  Marine  
  37  7:20  Marine  
  39  7:28  Banshee  
  39  7:29  Siege Tank  
  45  7:31  Starport Tech Lab  
  45  7:35  Marine  
  46  7:38  Marine  
  47  7:45  Planetary Fortress  
  47  7:53  Marine  
  47  7:56  Marine  
  49  8:02  Siege Tank  
  52  8:10  Marine  
  52  8:11  Terran Infantry Armor Level 1, Banshee  
  54  9:35  Marine  
  54  9:38  Marine  
  56  9:53  Marine  
  56  9:55  Marine  
  58  10:05  Neosteel Armor  
  58  10:11  Marine  
  58  10:13  Marine  
  50  10:29  Marine  
  50  10:31  Marine  
  39  10:46  Marine  
  39  10:49  Marine  
  38  11:09  Fusion Core  
  38  11:10  Marine  
  39  11:13  Marine  
  39  11:16  Concussive Shells  
  40  11:23  Terran Vehicle Weapons Level 1  
  40  11:27  Siege Tank  
  40  11:28  Marine  
  40  11:31  Marine  
  45  11:40  Medivac  
  45  11:43  Banshee  
  45  11:45  Terran Infantry Weapons Level 2  
  45  11:46  Marine  
  51  11:49  Marine  
  52  11:59  Siege Tank  
  55  12:04  Marine  
  55  12:07  Marine  
  57  12:10  Medivac  
  59  12:21  Marine  
  60  12:25  Marine  
  61  13:18  Supply Depot, Terran Vehicle And Ship Armor Level 1  
  61  13:39  Banshee, Siege Tank  
  67  13:41  Supply Depot  
  67  14:00  Terran Infantry Armor Level 2  
  67  14:03  Battlecruiser  
  73  14:11  SCV  
  73  14:12  Siege Tank  
  77  14:23  SCV  
  78  14:47  Battlecruiser, SCV  
  85  14:59  SCV  
  86  15:04  Weapon Refit  
  86  15:06  Cloaking Field  
  86  15:12  Terran Ship Weapons Level 1  
  86  15:18  Battlecruiser, SCV  
  93  16:16  Missile Turret  
  93  16:17  Hi-Sec Auto Tracking  
  93  16:37  Missile Turret  
  93  16:44  Rapid Reignition System  
  93  16:51  Marine  
  94  16:58  Missile Turret  
  94  17:14  Terran Infantry Weapons Level 3  
  94  17:32  Missile Turret  
  94  17:40  Advanced Ballistics  
  94  18:03  Missile Turret  
  94  18:55  Missile Turret  
  94  19:17  Missile Turret x2  
  94  19:20  Command Center  
  94  19:40  Missile Turret x2  
  94  20:01  Missile Turret  
  94  20:03  Supply Depot  
  94  20:12  Marine, Siege Tank  
  91  20:26  Supply Depot, Missile Turret  
  91  20:28  Medivac  
  91  20:30  Medivac, Marine  
  96  20:44  Thor  
  96  20:46  Planetary Fortress  
  96  20:47  Marine  
  103  20:50  Supply Depot  
  103  20:52  Refinery  
  103  21:00  Battlecruiser  
  103  21:02  Missile Turret  
  109  21:05  Marine  
  110  21:14  Supply Depot  
  110  21:25  Missile Turret  
  110  21:27  Siege Tank  
  110  21:32  Refinery  
  113  21:47  Missile Turret  
  113  22:05  Battlecruiser  
  119  22:10  Marine  
  119  22:13  Marine  
  121  22:28  Marine  
  122  22:31  Marine  
  123  22:46  Marine  
  123  22:49  Marine  
  123  22:50  Thor  
  131  23:04  Marine  
  132  23:06  Marine  
  132  23:09  Battlecruiser  
  139  23:22  Marine  
  139  23:24  Marine  
  69  23:57  Marine  
  69  24:01  Marine  
  71  24:06  Battlecruiser  
  77  24:13  Battlecruiser  
  77  24:15  Marine  
  84  24:19  Marine  
  85  24:33  Marine  
  85  24:36  Marine  
  87  24:51  Marine  
  88  24:54  Marine  
  89  25:09  Marine  
  89  25:11  Battlecruiser  
  89  25:12  Marine  
  97  25:17  Battlecruiser  
  54  26:08  Marine  
  54  26:11  Marine  
  40  26:15  Battlecruiser  
  46  26:26  Marine  
  46  26:28  Marine  
  42  26:44  Marine  
  42  26:46  Marine  
  42  26:47  Siege Tank  
  45  27:02  Marine  
  45  27:04  Marine  
  46  27:19  Marine, Battlecruiser, Siege Tank  
  46  27:22  Marine  
  28  27:51  Siege Tank  
  24  28:23  Siege Tank  
  27  28:37  SCV  
  19  28:49  SCV  
  14  29:01  SCV  
Show
View Real Time Build Order
Export as new Build Order

TATORREA Protoss 

Build Orders:  

Get SALT Encoding   

  12  0:02  Probe  
  13  0:19  Pylon  
  13  0:20  Probe  
  14  0:32  Probe  
  15  0:41  Forge  
  15  0:44  Probe  
  16  0:57  Probe  
  17  1:02  Assimilator  
  17  1:09  Probe  
  18  1:21  Probe  
  19  1:33  Probe  
  19  1:39  Pylon  
  20  1:41  Pylon  
  20  1:47  Pylon  
  20  1:54  Pylon  
  20  2:07  Photon Cannon  
  20  2:08  Photon Cannon  
  20  2:15  Probe  
  19  2:22  Protoss Ground Weapons Level 1  
  19  2:27  Probe  
  19  2:29  Gateway  
  20  2:40  Probe  
  21  2:46  Assimilator  
  21  2:52  Probe  
  22  3:10  Probe  
  22  3:12  Pylon  
  23  3:25  Pylon  
  23  3:27  Pylon  
  23  3:30  Probe  
  24  3:36  Pylon  
  24  3:45  Photon Cannon  
  24  3:46  Photon Cannon  
  24  3:53  Photon Cannon  
  24  3:55  Photon Cannon  
  24  3:58  Photon Cannon  
  24  4:14  Photon Cannon  
  24  4:20  Photon Cannon  
  24  4:25  Pylon  
  24  4:36  Photon Cannon  
  24  4:56  Photon Cannon  
  24  4:58  Pylon  
  24  5:00  Pylon  
  24  5:16  Cybernetics Core  
  24  5:17  Zealot  
  26  5:39  Photon Cannon  
  26  5:53  Photon Cannon  
  26  5:54  Photon Cannon  
  26  6:01  Stargate  
  26  6:06  Stargate  
  26  6:38  Shield Battery  
  26  6:41  Shield Battery  
  26  6:46  Void Ray  
  30  6:49  Void Ray  
  34  6:59  Gateway  
  34  7:05  Shield Battery  
  34  7:30  Void Ray, Photon Cannon  
  38  7:48  Void Ray  
  34  8:30  Photon Cannon  
  34  8:32  Photon Cannon  
  34  8:35  Pylon  
  34  8:37  Pylon  
  34  8:42  Void Ray  
  38  9:01  Photon Cannon  
  38  9:03  Photon Cannon  
  38  9:05  Photon Cannon  
  38  9:08  Void Ray  
  42  9:20  Stalker  
  44  9:24  Warp Gate  
  44  9:34  Void Ray  
  48  9:51  Void Ray  
  34  10:17  Void Ray  
  38  10:54  Photon Cannon  
  38  10:56  Photon Cannon  
  38  11:00  Photon Cannon  
  28  11:34  Photon Cannon  
  28  11:39  Photon Cannon  
  27  12:16  Pylon  
  27  12:19  Pylon x2  
  23  12:24  Pylon x2, Nexus  
  23  12:49  Pylon  
  23  12:53  Pylon  
  23  12:57  Pylon  
  23  13:00  Stargate  
  23  13:13  Stargate  
  23  13:39  Robotics Facility  
  23  13:57  Protoss Ground Armor Level 1  
  23  13:58  Robotics Facility  
  23  14:35  Robotics Bay  
  23  14:39  Probe  
  24  14:48  Probe  
  24  14:51  Probe  
  26  15:00  Probe, Nexus  
  26  15:03  Probe  
  28  15:15  Probe  
  29  15:22  Colossus (Chrono Boost)  
  29  15:27  Probe  
  36  15:33  Colossus (Chrono Boost)  
  36  15:39  Probe  
  36  15:41  Extended Thermal Lance  
  43  15:51  Probe  
  44  16:06  Protoss Shields Level 1  
  44  16:17  Probe  
  45  16:27  Assimilator  
  45  16:30  Probe  
  45  16:31  Assimilator  
  46  16:34  Probe  
  47  16:40  Assimilator  
  47  16:41  Assimilator  
  47  16:46  Probe  
  48  16:48  Colossus  
  54  17:00  Colossus  
  60  17:36  Phoenix x2  
  64  17:41  Colossus  
  70  17:53  Colossus  
  76  18:01  Phoenix x2  
  80  18:33  Probe  
  81  18:45  Probe  
  82  18:58  Probe  
  83  19:03  Phoenix  
  83  19:04  Phoenix  
  87  19:31  Phoenix x2  
  87  19:38  Zealot  
  93  19:52  Twilight Council  
  72  20:28  Probe  
  73  20:40  Probe  
  73  20:41  Probe  
  75  20:50  Probe  
  75  20:52  Probe  
  75  20:53  Probe  
  78  20:59  Phoenix x2  
  78  21:01  Colossus  
  78  21:02  Probe  
  89  21:04  Probe  
  89  21:05  Probe  
  91  21:14  Probe  
  91  21:16  Probe  
  93  21:26  Probe  
  94  21:36  Phoenix  
  94  21:37  Phoenix  
  94  21:38  Probe  
  99  21:47  Protoss Ground Weapons Level 2  
  99  21:54  Colossus  
  99  22:00  Probe  
  106  22:08  Phoenix  
  106  22:12  Probe  
  109  22:24  Probe  
  110  22:36  Probe  
  111  23:03  Colossus  
  117  23:19  Pylon  
  117  23:24  Pylon  
  117  23:26  Pylon  
  117  23:28  Pylon  
  117  23:30  Pylon  
  117  23:32  Pylon  
  117  23:34  Pylon  
  117  23:35  Pylon  
  117  23:37  Pylon, Colossus, Phoenix  
  125  24:02  Phoenix  
  55  24:47  Phoenix  
  55  24:48  Phoenix  
  55  24:52  Colossus x2  
  71  25:12  Phoenix  
  71  25:13  Phoenix  
  75  25:15  Protoss Air Weapons Level 1  
  70  25:37  Phoenix x2 (Chrono Boost)  
  62  26:00  Phoenix x2 (Chrono Boost)  
  50  26:17  Phoenix x2  
  25  26:42  Phoenix  
    28:21  Phoenix  
    28:22  Phoenix  
  4  28:46  Phoenix  
  4  28:47  Phoenix  
Tags
 
Add a new tag
Caveats
  • Supply blocks, unpowered buildings, or Contaminate may cause inaccurate times.
  • Supply counts are checked every 10 seconds.